 Dungeon Crawl Stone Soup version 0.22-a0-553-g9358b0b (webtiles) character file.

473 kae the Chopper (level 7, -2/61 HPs)
             Began as a Hill Orc Fighter on June 25, 2018.
             Was an Initiate of Makhleb.
             Slain by Eustachio
             ... wielding a +0 rapier
              (7 damage)
             ... on level 4 of the Dungeon.
             The game lasted 00:02:25 (3216 turns).

kae the Chopper (Hill Orc Fighter)                  Turns: 3216, Time: 00:02:26

Health: -2/61      AC:  8    Str: 21      XL:     7   Next: 10%
Magic:  7/7        EV:  8    Int:  8      God:    Makhleb [......]
Gold:   217        SH:  9    Dex:  7 (10) Spells: 6/6 levels left

rFire    . . .     SeeInvis .   a - +0 war axe
rCold    . . .     Gourm    .   c - +0 shield
rNeg     . . .     Faith    .   b - +0 scale mail
rPois    .         Spirit   .   (no helmet)
rElec    .         Reflect  .   i - +0 cloak
rCorr    .         Harm     .   (no gloves)
MR       .....                  (no boots)
Stlth    ..........             (no amulet)
HPRegen  0.20/turn              (no ring)
MPRegen  0.10/turn              (no ring)

@: flying
A: no striking features
a: Renounce Religion


You were on level 4 of the Dungeon.
You worshipped Makhleb.
Makhleb was noncommittal.
You were not hungry.

You visited 2 branches of the dungeon, and saw 5 of its levels.

You collected 217 gold pieces.

Inventory:

Hand Weapons
 a - a +0 war axe (weapon)
Armour
 b - a +0 scale mail (worn)
 c - a +0 shield (worn)
 i - a +0 cloak (worn)
Jewellery
 e - an uncursed ring of protection from fire {unknown}
 j - a +4 amulet of reflection {unknown}
 t - an uncursed ring of positive energy {unknown}
Wands
 o - a wand of digging (9)
Scrolls
 h - 2 scrolls of teleportation {unknown}
 k - 2 scrolls of remove curse {unknown}
 m - a scroll of enchant weapon {unknown}
 n - 3 scrolls of identify {unknown}
Potions
 d - 3 potions of might
 l - 3 potions of curing {unknown}
 p - a potion of mutation {unknown}
 q - a potion of haste {unknown}
 r - a potion of magic {unknown}
 u - a potion of lignification {unknown}
Comestibles
 f - 8 rations


   Skills:
 + Level 5.3 Fighting
 * Level 6.4 Axes
 + Level 4.8 Armour
 + Level 2.3 Dodging
 - Level 3.2 Shields
 + Level 0.4 Invocations


You had 6 spell levels left.
You didn't know any spells.
Your spell library was empty.

Dungeon Overview and Level Annotations

Branches:
Dungeon (4/15)             Temple (1/1) D:4

Altars:
Cheibriados
Dithmenos
Elyvilon
Fedhas
Hepliaklqana
Kikubaaqudgha
Makhleb
Nemelex Xobeh
Okawaru
Qazlal
Sif Muna
Uskayaw
Vehumet
Wu Jian
Xom
Yredelemnul
Zin
The Shining One

Annotations:
D:4 Eustachio


Message History

You block Eustachio's attack. The crimson imp barely misses you.
The quasit bites you but does no damage.
You block the quasit's attack. The quasit barely misses you.
You closely miss Eustachio.
Eustachio is lightly wounded.
You barely miss the white imp. You closely miss the crimson imp.
You barely miss the quasit. You block the white imp's attack.
Eustachio hits you but does no damage. The quasit barely misses you. x2
The quasit claws you but does no damage.
You block the crimson imp's attack. The white imp gestures at you.
The puff of frost hits you!
* * * LOW HITPOINT WARNING * * *
It was a potion of flight.
You feel very buoyant.
You fly up into the air.
The quasit bites you but does no damage.
The quasit claws you but does no damage. x2
Eustachio hits you with a rapier!
You die...

##........# ##.. ##
##.......# #... ###.
##......## #...##...
##....<.####........
#######.....##......<...
#....###................
......##..†..##.........
......5##.######........
.......@@.# #........
......55..# ##.......
..........# #.......
..........# ##......
####.###### #####.. ##
###


You could see Eustachio, a quasit, a crimson imp and a white imp.

Vanquished Creatures
  A phantom (D:4)
  2 orc priests
  2 hounds (D:3)
  2 worker ants (D:4)
  A howler monkey skeleton (D:4)
  6 adders
  5 gnolls (D:3)
  2 oozes
  2 worms (D:2)
  3 leopard geckos
  9 orcs
  A ball python (D:2)
  7 bats
  5 giant cockroaches
  8 goblins
  9 hobgoblins
  6 jackals
  2 quokkas
  8 frilled lizards
  3 kobolds (D:1)
  15 rats
99 creatures vanquished.

Notes
Turn   | Place    | Note
-------+----------+-------------------------------------------
     0 | D:1      | kae the Hill Orc Fighter began the quest for the Orb.
     0 | D:1      | Reached XP level 1. HP: 19/19 MP: 1/1
    40 | D:1      | Reached skill level 3 in Axes
    81 | D:1      | Reached XP level 2. HP: 27/27 MP: 2/2
   599 | D:1      | Reached XP level 3. HP: 30/33 MP: 3/3
   753 | D:2      | Found a blossoming altar of Fedhas.
   755 | D:2      | Found a snail-covered altar of Cheibriados.
   961 | D:2      | Found an ancient bone altar of Kikubaaqudgha.
   963 | D:2      | Found a white marble altar of Elyvilon.
  1155 | D:2      | Reached skill level 1 in Dodging
  1280 | D:2      | Reached skill level 4 in Axes
  1521 | D:3      | Reached XP level 4. HP: 37/40 MP: 4/4
  1536 | D:3      | Found a faded altar of an unknown god.
  1584 | D:3      | Reached XP level 5. HP: 19/47 MP: 5/5
  1908 | D:3      | Reached skill level 5 in Axes
  2090 | D:3      | Reached XP level 6. HP: 53/53 MP: 6/6
  2219 | D:3      | Found a glowing golden altar of the Shining One.
  2412 | D:4      | Noticed a phantom
  2455 | D:4      | Killed a phantom
  2455 | D:4      | Reached skill level 5 in Fighting
  2455 | D:4      | Reached skill level 6 in Axes
  2614 | D:4      | Found a staircase to the Ecumenical Temple.
  2628 | Temple   | Entered the Ecumenical Temple
  2893 | Temple   | Became a worshipper of Makhleb the Destroyer
  3066 | D:4      | Reached XP level 7. HP: 58/61 MP: 7/7
  3204 | D:4      | Noticed Eustachio
  3216 | D:4      | Slain by Eustachio

Vault maps used:
D:1:      giann_forest_graveyard
D:2:      nicolae_overflow_hidden_temple, first_ration
D:3:      nicolae_tso_carved_into_rock, chequers_ecumenical_altar_twisty,
          cheibrodos_gnoll_hut
D:4:      lightli_temple_of_fire, minmay_temple_entry_trees,
          kennysheep_cross_room, uniq_eustachio
Temple:   oiseaux_autumnal_temple

Skill      XL: |  1  2  3  4  5  6 |
---------------+-------------------+-----
Axes           | 3 4 5 6 |  6.4
Fighting       | 4 5 |  5.3
Dodging        | 1 2 |  2.3
Armour         | 4 |  4.8
Shields        | |  3.2
Invocations    | |  0.4

Action                   |  1- 3 |  4- 6 |  7- 9 || total
-------------------------+-------+-------+-------++-------
Melee: War axe           |   159 |   153 |    36 ||   348
  Use: Scroll            |       |     1 |       ||     1
       Potion            |       |       |     1 ||     1
  Eat: Chunk             |     1 |     4 |       ||     5
       Ration            |       |     1 |       ||     1
Armor: Scale mail        |    78 |    70 |    40 ||   188
Dodge: Dodged            |    58 |    57 |    18 ||   133
Block: Shield            |    84 |    72 |    33 ||   189

Table legend:
 A = Spawn XP
 B = Non-spawn XP
 C = Spawn XP percentage of total XP
 D = Spawn monster count
 E = Non-spawn monster count
 F = Spawn count percentage of total count
 G = Total turns spent on level
                    A         B        C        D         E        F      G
               +---------+---------+-------+---------+---------+-------+---------
         Total |       0 |     677 |   0.0 |       0 |      99 |   0.0 |  3216
               +---------+---------+-------+---------+---------+-------+---------
           D:1 |       0 |      38 |   0.0 |       0 |      23 |   0.0 |   697
           D:2 |       0 |      43 |   0.0 |       0 |      21 |   0.0 |   817
           D:3 |       0 |     274 |   0.0 |       0 |      37 |   0.0 |   898
           D:4 |       0 |     322 |   0.0 |       0 |      18 |   0.0 |   508
               +---------+---------+-------+---------+---------+-------+---------
